 Dungeon Crawl Stone Soup version 0.29.1-12-g30fa7ad0bf (webtiles) character file.

Game seed: 16548921246204277067

718 wormed the Chopper (level 7, -16/62 HPs)
             Began as a Hill Orc Fighter on Dec 20, 2022.
             Demolished by a two-headed ogre
             ... wielding a +0 giant club
              (27 damage)
             ... on level 5 of the Dungeon.
             The game lasted 00:14:42 (5107 turns).

wormed the Chopper (Hill Orc Fighter)               Turns: 5107, Time: 00:14:43

Health: -16/62     AC: 17    Str: 18 (21) XL:     7   Next: 70%
Magic:  7/7        EV:  7    Int:  6 (8)  God:
Gold:   163        SH:  0    Dex:  8 (10) Spells: 6/6 levels left

rFire   . . .      SeeInvis .   a - +1 war axe
rCold   . . .      Faith    .   c - +0 buckler
rNeg    . . .      Spirit   .   e - +0 chain mail
rPois   .          Reflect  .   d - +2 helmet
rElec   .          Harm     .   (no cloak)
rCorr   .          Rampage  .   (no gloves)
Will    .....                   (no boots)
Stlth   ..........              (no amulet)
HPRegen 0.20/turn               m - +4 ring of protection
MPRegen 0.10/turn               g - ring of flight

@: confused, ambrosia-drunk, flying
A: no striking features
a: no special abilities


You were on level 5 of the Dungeon.
You visited 1 branch of the dungeon, and saw 5 of its levels.

You collected 218 gold pieces.
You spent 55 gold pieces at shops.

Inventory:

Hand Weapons
 a - a +1 war axe (weapon)
Missiles
 i - 2 javelins (quivered)
Armour
 c - a +0 buckler (worn)
 d - a +2 helmet (worn)
 e - a +0 chain mail (worn)
Jewellery
 g - a ring of flight (right hand)
 m - a +4 ring of protection (left hand)
Wands
 v - a wand of acid (11)
Scrolls
 b - 3 scrolls of immolation
 f - 3 scrolls of torment
 j - a scroll of vulnerability
 l - a scroll of brand weapon {unknown}
 o - 3 scrolls of enchant weapon
 s - a scroll of enchant armour {unknown}
 t - a scroll of blinking {unknown}
 u - a scroll of fear {unknown}
Potions
 h - 2 potions of attraction
 k - a potion of curing
 n - 2 potions of cancellation
 r - 2 potions of degeneration
 w - a potion of flight
 x - a potion of might


   Skills:
 + Level 5.7 Fighting
 * Level 7.2 Axes
 + Level 5.1 Armour
 + Level 5.2 Shields


You had 6 spell levels left.
You didn't know any spells.
Your spell library contained the following spells:

 Spells                   Type           Power      Damage    Failure   Level
 Apportation              Tloc           0%         N/A       100%        1
 Magic Dart               Conj           0%         1d3       100%        1
 Necrotise                Necr           0%         1d4       100%        1
 Sandblast                Erth           0%         2d4       100%        1
 Shock                    Conj/Air       0%         1d3       100%        1
 Summon Small Mammal      Summ           0%         N/A       100%        1
 Call Imp                 Summ           0%         N/A       100%        2
 Ensorcelled Hibernation  Hex/Ice        0%         N/A       100%        2
 Passwall                 Tmut/Erth      0%         N/A       100%        2
 Static Discharge         Conj/Air       0%         3-3/arc   100%        2
 Mephitic Cloud           Conj/Pois/Air  0%         N/A       100%        3
 Spider Form              Tmut/Pois      0%         N/A       100%        3
 Stone Arrow              Conj/Erth      0%         3d7       100%        3
 Swiftness                Air            0%         N/A       100%        3
 Airstrike                Air            0%         2d(0-16)  100%        4
 Anguish                  Hex/Necr       0%         N/A       100%        4
 Lightning Bolt           Conj/Air       0%         1d11      100%        5
 Summon Forest            Summ/Tloc      0%         N/A       100%        5
 Summon Mana Viper        Hex/Summ       0%         N/A       100%        5
 Summon Cactus Giant      Summ           0%         N/A       100%        6
 Maxwell's Capacitive Co  Air            0%         ∞         100%        8


Dungeon Overview and Level Annotations

Branches:
Dungeon (5/15)
 Temple: D:4-7

Altars:
Fedhas
Zin

Shops:
D:1 *(!(*   D:3 (   D:4 !==(=


Message History

Throw: 4 javelins
Press: ? - help, Q - select action, (/) - cycle Shift-Dir - straight line, f - two-headed ogre
Aim: a two-headed ogre, wielding a +0 giant club and a +0 giant spiked club (73% to hit)
You throw a javelin.
The javelin pierces through the two-headed ogre!
The two-headed ogre is lightly wounded.
Throw: 3 javelins
Press: ? - help, Q - select action, (/) - cycle Shift-Dir - straight line, f/p - two-headed ogre
Aim: a two-headed ogre, wielding a +0 giant club and a +0 giant spiked club (lightly wounded, 73% to hit)
You throw a javelin.
The javelin pierces through the two-headed ogre!
The two-headed ogre is heavily wounded.
The two-headed ogre hits you with a +0 giant club.
The two-headed ogre hits you with a +0 giant spiked club!!
An ogre comes into view. It is wielding a +0 giant spiked club.
You hit the two-headed ogre.
The two-headed ogre is heavily wounded.
You hit the two-headed ogre.
The two-headed ogre is heavily wounded.
You block the two-headed ogre's attack. x2
You closely miss the two-headed ogre.
The two-headed ogre is heavily wounded.
The two-headed ogre hits you with a +0 giant club!!
* * * LOW HITPOINT WARNING * * *
The two-headed ogre hits you with a +0 giant spiked club.
* * * LOW HITPOINT WARNING * * *
You can't go up here!
It was a potion of degeneration.
There was something very wrong with that liquid.
You feel weakened.
You feel dopey.
You feel clumsy.
The two-headed ogre hits you with a +0 giant club!
* * * LOW HITPOINT WARNING * * *
The two-headed ogre closely misses you.
Unknown command.
You are confused.
You feel invigorated.
Sorry, you're not good enough to have a special ability.
You are too confused!
The two-headed ogre hits you with a +0 giant club!!
You die...

....... ...
...$... ..###
.#..... #....##
....... ......(
.......#....:..
........./.....
...............
.......@O......
........O.#....
...####...# . .
#....# ##...#
...# .?.# #..#


You could see a two-headed ogre and an ogre.

Vanquished Creatures
  The ghost of Barneous the Sneak, an amateur OpVM (D:4)
  A wyvern (D:4)
  A black bear (D:4)
  A hound (D:4)
  An orc priest (D:4)
  A gnoll bouda (D:4)
  Robin (D:2)
  9 adders
  4 gnolls (D:4)
  3 worms (D:3)
  2 dart slugs
  6 orcs
  7 endoplasms
  2 giant cockroaches
  17 goblins
  7 hobgoblins
  4 jackals
  A quokka (D:3)
  4 ball pythons
  4 bats (D:1)
  2 frilled lizards (D:3)
  5 kobolds
  3 rats
87 creatures vanquished.

Notes
Turn   | Place    | Note
-------+----------+-------------------------------------------
     0 | D:1      | wormed the Hill Orc Fighter began the quest for the Orb.
     0 | D:1      | Reached XP level 1. HP: 19/19 MP: 1/1
   134 | D:1      | Reached skill level 3 in Axes
   252 | D:1      | Found Dannui's Antique Weapon Boutique.
   331 | D:1      | Found Pebbiobrum's Distillery.
   389 | D:1      | Reached XP level 2. HP: 26/27 MP: 2/2
   567 | D:1      | Found Yludaduo's Assorted Antiques.
   598 | D:1      | Found Xoal's Antique Weapon Boutique.
  1002 | D:1      | Found Tysoj's Assorted Antiques.
  1167 | D:2      | Reached XP level 3. HP: 33/33 MP: 3/3
  1176 | D:2      | Noticed Robin
  1211 | D:2      | Killed Robin
  1212 | D:2      | Reached skill level 4 in Axes
  1212 | D:2      | Reached XP level 4. HP: 14/40 MP: 4/4
  2337 | D:3      | Found Laitiqupt's Antique Weapon Emporium.
  2360 | D:3      | Found a faded altar of an unknown god.
  2392 | D:3      | Found a glowing silver altar of Zin.
  3290 | D:3      | Reached XP level 5. HP: 47/47 MP: 5/5
  3608 | D:4      | Found Caek Ydyno's Distillery.
  3615 | D:4      | Bought a potion of heal wounds for 55 gold pieces
  3634 | D:4      | Found a runed translucent door.
  3635 | D:4      | Noticed a wyvern
  3635 | D:4      | Noticed Barneous's ghost (amateur OpVM)
  3669 | D:4      | Reached skill level 5 in Axes
  3909 | D:4      | Reached XP level 6. HP: 55/55 MP: 6/6
  4087 | D:4      | Found a blossoming altar of Fedhas.
  4439 | D:4      | Found Amuqe's Antique Weapon Shoppe.
  4439 | D:4      | Found Mehususk's Jewellery Shoppe.
  4440 | D:4      | Found Zifaupeu's Jewellery Shoppe.
  4440 | D:4      | Found Rodeo's Jewellery Shoppe.
  4550 | D:4      | Noticed a black bear
  4557 | D:4      | Killed a black bear
  4558 | D:4      | Reached skill level 5 in Fighting
  4558 | D:4      | Reached skill level 6 in Axes
  4603 | D:4      | Killed a wyvern
  4604 | D:4      | Reached XP level 7. HP: 23/61 MP: 7/7
  4622 | D:4      | Killed Barneous's ghost
  4623 | D:4      | Reached skill level 7 in Axes
  4623 | D:4      | Reached skill level 5 in Armour
  4623 | D:4      | Reached skill level 5 in Shields
  5099 | D:5      | Entered Level 5 of the Dungeon
  5099 | D:5      | Noticed a two-headed ogre
  5105 | D:5      | HP: 2/62 [two-headed ogre/+0 giant club (11)]
  5107 | D:5      | Demolished by a two-headed ogre

Illustrated notes

Levels and vault maps discovered:
D:1:      dpeg_arrival_houses_and_road, layout_loops_ring, serial_shops,
          shop_statue, shop, shop, shop, nicolae_shop_stone
D:2:      layout_basic, uniq_robin
D:3:      minmay_bubble_buster, layout_loops_ring, mainiacjoe_overflow_catwalk,
          ebering_ecumenical_altar_hall, serial_shops, shop, st_stairs_5
D:4:      layout_gridville, mainiacjoe_overflow_six_doors_small,
          ebering_ghost_inner_flame, serial_shops, nicolae_shop_hallway_stairs,
          minmay_shop_grid_forest
D:5:      layout_layer_cave, mainiacjoe_overflow_24_doors

Skill      XL: |  1  2  3  4  5  6  7 |
---------------+----------------------+-----
Axes           | 3 4 5 6 7 |  7.2
Fighting       | 4 5 |  5.7
Shields        | 4 5 |  5.2
Armour         | 4 5 |  5.1

Action                   |  1- 3 |  4- 6 |  7- 9 || total
-------------------------+-------+-------+-------++-------
Melee: War axe           |    85 |   198 |    13 ||   296
Throw: Javelin           |       |       |     2 ||     2
  Use: Potion            |     2 |       |     7 ||     9
       Scroll            |       |     4 |     4 ||     8
Armor: Scale mail        |    47 |     4 |       ||    51
       Chain mail        |       |   174 |     8 ||   182
Dodge: Dodged            |    39 |    50 |     2 ||    91
Block: Buckler           |    14 |    38 |     5 ||    57
